 Dungeon Crawl Stone Soup version 0.28-b1-25-g9875b3fc8c (webtiles) character file.

Game seed: 4256629775785923439

459 crazypyro the Chopper (level 6, -3/47 HPs)
             Began as a Demonspawn Fighter on Jan 31, 2022.
             Was a Plaything of Xom.
             Slain by a bullfrog skeleton (6 damage)
             ... on level 5 of the Dungeon.
             The game lasted 00:05:32 (4229 turns).

crazypyro the Chopper (Demonspawn Fighter)          Turns: 4229, Time: 00:05:33

Health: -3/47      AC:  4    Str: 18    XL:     6   Next: 78%
Magic:  6/6        EV:  9    Int: 10    God:    Xom [..*...]
Gold:   250        SH:  4    Dex: 12    Spells: 5/5 levels left

rFire   . . .      SeeInvis .   a - +0 war axe (vamp)
rCold   . . .      Faith    .   c - +0 buckler
rNeg    . . .      Spirit   .   b - +0 scale mail
rPois   .          Reflect  .   (no helmet)
rElec   .          Harm     .   j - +1 cloak
rCorr   .          Rampage  .   (no gloves)
Will    +....                   (no boots)
Stlth   ..........              (no amulet)
HPRegen 0.15/turn               k - ring of willpower
MPRegen 0.10/turn               l - ring of flight

@: about to teleport, corroded, flying
A: powered by death 1, powered by pain 1
a: Renounce Religion


You were on level 5 of the Dungeon.
You worshipped Xom.
You were a toy of Xom.
You visited 2 branches of the dungeon, and saw 6 of its levels.

You collected 250 gold pieces.

Inventory:

Hand Weapons
 a - a +0 vampiric war axe (weapon)
 h - a +0 war axe of protection
 t - a +2 hand axe of draining
Armour
 b - a +0 scale mail (worn)
 c - a +0 buckler (worn)
 j - a +1 cloak (worn)
Jewellery
 g - an amulet of faith
 k - a ring of willpower (left hand)
 l - a ring of flight (right hand)
Wands
 o - a wand of paralysis (10)
 r - a wand of acid (9)
Scrolls
 n - a scroll of identify
 p - a scroll of teleportation
 q - a scroll of amnesia {unknown}
 s - 3 scrolls of immolation {unknown}
Potions
 d - 2 potions of might
 e - 3 potions of curing
 f - 2 potions of berserk rage
 i - 2 potions of mutation {unknown}
 m - a potion of heal wounds {unknown}


   Skills:
 - Level 3.4 Fighting
 * Level 6.1 Axes
 - Level 3.1 Armour
 - Level 3.1 Shields


You had 5 spell levels left.
You didn't know any spells.
Your spell library contained the following spells:

 Spells                   Type           Power      Damage    Failure   Level
 Ozocubu's Armour         Ice            0%         N/A       99%         3
 Metabolic Englaciation   Hex/Ice        0%         N/A       100%        5
 Summon Forest            Summ/Tloc      0%         N/A       100%        5
 Eringya's Noxious Bog    Tmut/Pois      0%         N/A       100%        6
 Simulacrum               Ice/Necr       0%         N/A       100%        6
 Summon Hydra             Summ           0%         N/A       100%        7


Dungeon Overview and Level Annotations

Branches:
Dungeon (5/15)             Temple (1/1) D:4

Altars:
Ashenzari
Cheibriados
Dithmenos
Fedhas
Gozag
Hepliaklqana
Kikubaaqudgha
Nemelex Xobeh
Qazlal
Uskayaw
Vehumet
Wu Jian
Xom
Yredelemnul
Zin
The Shining One


Innate Abilities, Weirdness & Mutations

You regenerate a little health from kills.
You sometimes gain a little power by taking damage.


Message History

Found a runed dagger.
You see here a +0 dagger of freezing. "Let's go for a ride!"
Your surroundings suddenly seem different.
An orc, a jelly, a hound skeleton and a bullfrog skeleton come into view.
Found 68 gold pieces.
The orc shouts!
The bullfrog skeleton barely misses you.
The hound skeleton closely misses you.
The hound skeleton bites you but does no damage.
You block the hound skeleton's attack.
You reach down and open the door.
An ogre and a gnoll come into view.
The ogre shouts!
The gnoll shouts!
A howler monkey skeleton comes into view.
The jelly hits you but does no damage. The hound skeleton barely misses you.
Found 83 gold pieces.
A gnoll comes into view. It is wielding a +0 halberd.
The gnoll shouts!
There is an open door here.
You slash the jelly!
Your hands burn!
The jelly is heavily wounded.
The jelly hits you. The acid corrodes you!
You are splashed with acid!
You slash the jelly!
Your hands burn!
The jelly is almost dead.
You barely miss the howler monkey skeleton.
You barely miss the ogre.
The gnoll hits you from afar with a +0 halberd!
You block the ogre's attack. The jelly closely misses you.
You slash the jelly!
You feel better.
You kill the jelly!
You hit the gnoll. You barely miss the ogre.
The gnoll hits you from afar with a +0 halberd.
The ogre hits you with a +0 giant club!!
* * * LOW HITPOINT WARNING * * *
You are too injured to fight recklessly!
As you read the scroll of teleportation, it crumbles to dust.
You feel strangely unstable. The bullfrog skeleton hits you.
You die...
Xom cackles wildly!

+
#.........#
+
#....$....#
#
#...$.$...#
#
#...$.$...#
##
#....$....#
.#
#.........#
.##
#+#.Zo..###
..# ###Z###
#.# #@# #.#
#Ogg.# #.##
.Z$$.# #..#
...$...#
##.##
+....$..#
#.>#
#...$...#
#..#
##.$.$.##
##..#
##....#
....#


You could see an ogre, 2 gnolls, an orc, a hound skeleton, a bullfrog skeleton
and a howler monkey skeleton.

Vanquished Creatures
  An ice beast (D:4)
  A hound (D:4)
  A jelly (D:5)
  Ijyb (D:4)
  An iguana (D:4)
  Natasha (thrice) (D:2)
  A killer bee zombie (D:3)
  A hound skeleton (D:5)
  6 adders
  3 adder skeletons (D:4)
  A worm (D:4)
  6 dart slugs
  5 ball pythons
  2 bats (D:2)
  3 endoplasms
  5 giant cockroaches
  13 goblins
  7 hobgoblins
  7 jackals
  2 quokkas (D:1)
  7 frilled lizards
  4 kobolds
  3 rats
84 creatures vanquished.

Notes
Turn   | Place    | Note
-------+----------+-------------------------------------------
     0 | D:1      | crazypyro the Demonspawn Fighter began the quest for the
                  | Orb.
     0 | D:1      | Reached XP level 1. HP: 18/18 MP: 1/1
   104 | D:1      | Reached skill level 2 in Axes
   104 | D:1      | Gained mutation: You sometimes gain a little power by
                  | taking damage. [demonic ancestry]
   104 | D:1      | Reached XP level 2. HP: 22/24 MP: 2/2
   528 | D:1      | Found a faded altar of an unknown god.
   641 | D:1      | You fall into a shaft and drop 1 floor!
  1117 | D:2      | Gained mutation: You regenerate a little health from kills.
                  | [demonic ancestry]
  1117 | D:2      | Reached XP level 3. HP: 29/29 MP: 3/3
  1634 | D:2      | Noticed Natasha
  1641 | D:2      | Killed Natasha
  1642 | D:2      | Reached skill level 3 in Axes
  1642 | D:2      | Reached XP level 4. HP: 35/35 MP: 4/4
  1843 | D:2      | Noticed Natasha
  1850 | D:2      | Killed Natasha
  2068 | D:2      | Noticed Natasha
  2074 | D:2      | Killed Natasha
  2075 | D:2      | Reached XP level 5. HP: 26/41 MP: 5/5
  2291 | D:3      | Reached skill level 4 in Axes
  2751 | D:4      | Noticed an ice beast
  2763 | D:4      | Killed an ice beast
  2764 | D:4      | Reached skill level 5 in Axes
  2764 | D:4      | Reached XP level 6. HP: 45/47 MP: 6/6
  3383 | D:4      | Noticed Ijyb
  3390 | D:4      | Killed Ijyb
  3487 | D:4      | Found a staircase to the Ecumenical Temple.
  3504 | Temple   | Entered the Ecumenical Temple
  3528 | Temple   | Became a worshipper of Xom of Many Doors
  4006 | D:5      | Entered Level 5 of the Dungeon
  4165 | D:5      | Reached skill level 6 in Axes
  4218 | D:5      | XOM: 1-stop teleportation journey
  4229 | D:5      | Slain by a bullfrog skeleton

Illustrated notes

Levels and vault maps discovered:
D:1:      lemuel_arrival_river_bridge, layout_loops_ring,
          hellmonk_ecumenical_altar_arch_garden
D:2:      cheibrodos_helix_gallery, layout_loops_ring, uniq_natasha
D:3:      layout_rooms, kennysheep_generic_room_2
D:4:      kennysheep_goblin_castle, layout_cave_pods,
          minmay_temple_entry_drinking_statues, portal_sewer_entry_d,
          minmay_misc_feat_enclosed, nicolae_figureground_sparkle
D:5:      minmay_polygon_palace, layout_basic, ebering_ghost_inner_flame,
          serial_bayou_lagoon_a, minmay_bent, uniq_duvessa
Temple:   lightli_temple_of_artemis

Skill      XL: |  1  2  3  4  5  6 |
---------------+-------------------+-----
Axes           | 2 3 5 6 |  6.1
Armour         | 3 |  3.1
Shields        | 3 |  3.1
Fighting       | |  3.4

Action                   |  1- 3 |  4- 6 || total
-------------------------+-------+-------++-------
Melee: War axe           |   115 |   154 ||   269
  Use: Scroll            |     2 |     8 ||    10
Armor: Scale mail        |    69 |    88 ||   157
Dodge: Dodged            |    47 |   104 ||   151
Block: Buckler           |    35 |    41 ||    76
